 Dungeon Crawl Stone Soup version 0.28.0-53-g5a82cb258f (webtiles) character file.

Game seed: 1696987030382855426

35320 issech the Stickfighter (level 13, -2/109 HPs)
             Began as a Minotaur Monk on June 10, 2022.
             Was a High Priest of Hepliaklqana.
             Slain by a water elemental (7 damage)
             ... on level 14 of the Dungeon.
             The game lasted 01:12:27 (13482 turns).

issech the Stickfighter (Minotaur Monk)            Turns: 13482, Time: 01:12:28

Health: -2/109     AC: 24    Str: 19    XL:     13   Next: 47%
Magic:  12/12      EV: 11    Int:  7    God:    Hepliaklqana [*****.]
Gold:   651        SH: 11    Dex: 17    Spells: 12/12 levels left

rFire   + + .      SeeInvis .   T - +8 falchion "Rittem" {pain, Str+2}
rCold   + . .      Faith    .   Z - +2 kite shield {AC+3}
rNeg    . . .      Spirit   .   q - +0 plate armour {rF+}
rPois   .          Reflect  .   (helmet restricted)
rElec   .          Harm     .   B - scarf {rC+ rF+}
rCorr   .          Rampage  .   J - +0 pair of gloves
Will    .....                   k - +2 pair of boots {Stlth+}
Stlth   ..........              n - amulet of regeneration
HPRegen 1.08/turn               E - +4 ring of evasion
MPRegen 0.13/turn               l - ring of Shadows {Umbra +Inv Stlth+}

@: engulfed (cannot breathe), hasted, wreathed by umbra, very quick
A: reduced essence, horns 2, retaliatory headbutt
a: Renounce Religion, Evoke Invisibility, Recall Ancestor, Ancestor Identity,
Transference, Idealise


You were on level 14 of the Dungeon.
You worshipped Hepliaklqana.
Hepliaklqana was extremely pleased with you.
You visited 2 branches of the dungeon, and saw 15 of its levels.
You also visited: Gauntlet and Ice Cave.

You collected 651 gold pieces.

Inventory:

Hand Weapons
 a - the +9 hand crossbow of the Middle {vorpal, rC- rN+ Will+ Stlth+}
   (You found it in a Gauntlet)

   Any ammunition fired from it inflicts extra damage upon your enemies.
   rC:        It makes you vulnerable to cold.
   rN:        It protects you from negative energy.
   Will:      It increases your willpower.
   Stlth:     It makes you more stealthy.
 o - a +2 hand axe of venom
 w - the +8 lajatang "Napuh" {freeze, rC- Will+ Dex+4}
   (You found it on level 4 of the Dungeon)

   It freezes those it strikes, dealing additional cold damage.
   It can also slow down cold-blooded creatures.
   Dex:       It affects your dexterity (+4).
   rC:        It makes you vulnerable to cold.
   Will:      It increases your willpower.
 x - a +6 vorpal arbalest
 H - the +5 shortbow of Wyrd {venom, rN+ Will- Dex+2}
   (You found it on level 10 of the Dungeon)

   Any ammunition fired from it poisons the flesh of those it strikes.
   Dex:       It affects your dexterity (+2).
   rN:        It protects you from negative energy.
   Will:      It decreases your willpower.
 T - the +8 falchion "Rittem" (weapon) {pain, Str+2}
   (You found it on level 8 of the Dungeon)

   In the hands of one skilled in necromantic magic, it inflicts extra damage on
   living creatures.
   Str:       It affects your strength (+2).
 Y - a +2 longbow of flaming
Missiles
 c - 449 stones
 f - 330 arrows
 i - 6 poisoned darts
 j - 89 sling bullets
 D - 62 bolts
 N - 15 boomerangs (quivered)
 V - 10 silver javelins
Armour
 k - a +2 pair of boots of stealth (worn)
 q - a +0 plate armour of fire resistance (worn)
 B - a scarf of resistance (worn)
 C - an orb of light
 J - a +0 pair of gloves (worn)
 K - a +0 cloak
 O - +0 fire dragon scales
 U - a scarf of invisibility
 Z - a +2 kite shield of protection (worn)
Magical Staves
 m - a staff of cold
 y - a staff of air
 F - a staff of poison
Jewellery
 b - a ring of flight
 l - the ring of Shadows (right hand) {Umbra +Inv Stlth+}
   (You took it off a minotaur in a Gauntlet)

   [ring of stealth]

   It surrounds you with an aura of shadow, increasing your stealth and reducing
   the accuracy of all others within it.
   +Inv:      It lets you turn invisible.
   Stlth:     It makes you more stealthy.
 n - an amulet of regeneration (around neck)
 t - a ring of protection from fire
 E - a +4 ring of evasion (left hand)
 I - a ring of willpower
 P - a +6 ring of strength
 Q - a ring of see invisible
 R - the ring of the Mage {Wiz Archmagi}
   (You found it in a Gauntlet)

   [ring of wizardry]

   It improves your spell success rate.
   Archmagi:  It increases the power of your magical spells.
Wands
 v - a wand of mindburst (13)
 G - a wand of flame (36)
 L - a wand of iceblast (23)
Scrolls
 g - 6 scrolls of teleportation
 h - a scroll of magic mapping
 p - 3 scrolls of enchant armour
 z - a scroll of enchant weapon
 W - 3 scrolls of fog
Potions
 d - 5 potions of curing
 e - 3 potions of heal wounds
 r - 3 potions of magic
 s - 5 potions of might {unknown}
 u - 3 potions of brilliance
 A - 2 potions of mutation
 S - 2 potions of cancellation
 X - 2 potions of ambrosia


   Skills:
 + Level 13.1 Fighting
 + Level 6.1 Long Blades
 + Level 7.3 Axes
 + Level 15.1 Staves
 + Level 6.9 Bows
 + Level 4.9 Crossbows
 + Level 1.2 Throwing
 + Level 13.2 Armour
 + Level 4.6 Dodging
 + Level 3.4 Stealth
 + Level 3.6 Shields


You had 12 spell levels left.
You didn't know any spells.
Your spell library contained the following spells:

 Spells                   Type           Power      Damage    Failure   Level
 Animate Skeleton         Necr           0%         N/A       100%        1
 Apportation              Tloc           0%         N/A       100%        1
 Shock                    Conj/Air       0%         1d3       100%        1
 Summon Small Mammal      Summ           0%         N/A       100%        1
 Call Canine Familiar     Summ           0%         N/A       100%        3
 Ignite Poison            Fire/Tmut/Pois 0%         N/A       100%        3
 Mephitic Cloud           Conj/Pois/Air  0%         N/A       100%        3
 Ozocubu's Armour         Ice            0%         N/A       100%        3
 Summon Guardian Golem    Hex/Summ       0%         N/A       100%        3
 Swiftness                Air            0%         N/A       100%        3
 Airstrike                Air            0%         N/A       100%        4
 Fireball                 Conj/Fire      0%         3d3       100%        5
 Freezing Cloud           Conj/Ice/Air   0%         6-21      100%        5
 Lightning Bolt           Conj/Air       0%         1d11      100%        5
 Conjure Ball Lightning   Conj/Air       0%         3x3d6     100%        6
 Starburst                Conj/Fire      0%         6d3       100%        6
 Ozocubu's Refrigeration  Ice            0%         4d5       100%        7
 Ignition                 Fire           0%         3d3       100%        8
 Death's Door             Necr           0%         N/A       100%        9


Dungeon Overview and Level Annotations

Branches:
Dungeon (14/15)            Temple (1/1) D:5            Lair (0/6) D:9
    Orc (0/2) D:11         Vaults (0/5) D:13          IceCv (visited)
Gauntlet (visited)

Altars:
Ashenzari
Cheibriados
Dithmenos
Elyvilon
Fedhas
Gozag
Hepliaklqana
Kikubaaqudgha
Makhleb
Nemelex Xobeh
Okawaru
Qazlal
Ru
Sif Muna
Trog
Uskayaw
Vehumet
Wu Jian
Xom
Yredelemnul
Zin
The Shining One

Shops:
D:7 =

Annotations:
D:10 2 transporters, Brotato's ghost, journeyman PaFi
D:14 1 runed translucent door, Syidgh's ghost, journeyman HOAK


Innate Abilities, Weirdness & Mutations

Your life essence is reduced to manifest your ancestor. (-10% HP)
You have a pair of horns on your head.
You reflexively headbutt those who attack you in melee.


Message History

You hit the centaur warrior.
The centaur warrior is lightly wounded.
Your lungs strain for air!
The centaur warrior hits you!
* * * LOW HITPOINT WARNING * * *
You block the centaur warrior's attack.
A centaur comes into view.
The water elemental misses you. You furiously retaliate!
You headbutt the water elemental. You block the centaur warrior's attack.
The centaur warrior misses you.
You closely miss the centaur warrior.
The centaur warrior is lightly wounded.
* * * LOW HITPOINT WARNING * * *
Your lungs strain for air!
The centaur unwields a +0 shortbow.
The centaur hits you but does no damage.
You block the centaur's attack.
Friðuswiþ casts a spell at the centaur warrior.
The puff of frost hits the centaur warrior.
The water elemental closely misses you. You furiously retaliate!
You headbutt the water elemental. You barely miss the water elemental.
You headbutt the water elemental, but do no damage.
The water elemental is severely damaged.
* * * LOW HITPOINT WARNING * * *
Your lungs strain for air!
The centaur misses you. You furiously retaliate!
You headbutt the centaur.
The centaur kicks you but does no damage.
The water elemental closely misses you.
The centaur wields a +0 shortbow.
The centaur shoots an arrow.
The arrow barely misses you.
The arrow completely misses the water elemental.
You feel yourself speed up.
* * * LOW HITPOINT WARNING * * *
Your lungs strain for air!
The centaur completely misses you. You block the centaur's attack.
The centaur warrior hits you but does no damage.
The centaur warrior kicks you.
* * * LOW HITPOINT WARNING * * *
The water elemental hits you!
You die...

##..).# *#.≈≈≈≈......,,*
##..)..## #.......≈≈≈≈,,*
♣#......## #.≈≈≈)≈.≈≈≈≈,,****
8#..###..###.≈≈≈≈≈.≈≈≈≈,*,,,*
♣#.## ##>.##.≈≈≈≈≈.≈≈≈≈,*****
###* ##..#.≈≈≈≈≈.≈≈≈≈,* .#
##......R......,* ##
###...Ec#####,** # ##..)@.#*
**,** *#..##cc# **,***
#..##*#.# *,,,* *#.## *.#
***** #..* **,# *#.#* *,**
******$.* *,** *,,,,,,**
*,,******* *** *,,,,,,,*
*,,,,,,,,***,*


You could see the friendly Friðuswiþ the battlemage, a centaur warrior (ally
target), a water elemental and 2 centaurs.

Vanquished Creatures
  Nessos (D:13)
  A minotaur (Gauntlet)
  A vault guard (D:12)
  A centaur warrior (D:14)
  A boulder beetle (D:12)
  The ghost of Zeld the Cleaver, a novice MiBe of Trog (D:8)
  A tengu warrior (D:14)
  3 two-headed ogres
  A glowing orange brain (Gauntlet)
  2 spriggan simulacra (D:14)
  2 orange crystal statues
  12 ugly things
  4 cyclopes
  Joseph (D:8)
  A gargoyle (D:14)
  2 kobold demonologists
  A komodo dragon (D:10)
  A troll (D:14)
  A meliai (shapeshifter) (D:13)
  A raiju (Gauntlet)
  Grinder (D:4)
  A dream sheep (shapeshifter) (D:14)
  5 slime creatures
  Sigmund (D:6)
  2 vampires
  A dire elephant simulacrum (D:14)
  A wraith (D:10)
  7 humans
  Grum (D:10)
  2 basilisks
  5 yaks
  A steam dragon (Gauntlet)
  3 vampire mosquitoes (D:12)
  2 redbacks (D:12)
  A harpy simulacrum (IceCv)
  3 acid dragons
  3 orc warriors
  An ice beast (D:6)
  A black bear (D:6)
  An alligator simulacrum (D:14)
  3 wolves
  An ogre (D:6)
  5 centaurs
  A phantom (D:6)
  3 bullfrogs
  2 deep troll simulacra (D:14)
  3 scorpions
  A water moccasin zombie (D:6)
  A wight (D:10)
  2 electric eels
  3 howler monkeys
  A bullfrog zombie (D:5)
  4 centaur zombies
  6 hounds
  2 bullfrog skeletons
  4 orc priests
  2 jellies
  Jessica (D:3)
  Natasha (thrice) (D:2)
  2 iguanas
  4 orc wizards
  2 killer bee zombies (D:7)
  3 howler monkey zombies
  4 gnolls (D:3)
  4 adders
  A shadow imp (D:5)
  2 white imps (D:8)
  An ufetubus (D:6)
  An adder skeleton (D:4)
  2 worms
  3 dart slugs
  12 orcs
  8 ball pythons
  2 bat skeletons (D:6)
  4 bat zombies (D:6)
  5 endoplasms
  3 giant cockroaches
  9 goblins
  10 hobgoblins
  8 kobolds
  3 quokkas
  7 bats
  3 frilled lizards (D:1)
  A quokka skeleton (D:4)
  6 rats
240 creatures vanquished.

Vanquished Creatures (collateral kills)
  A fire dragon (D:14)
  A rakshasa (D:14)
  2 vault guards
  A two-headed ogre (D:12)
  A spriggan simulacrum (D:14)
  A deep elf pyromancer (D:14)
  5 ugly things
  A manticore (D:11)
  A tengu conjurer (D:14)
  2 trolls
  2 slime creatures (D:13)
  A vampire (D:9)
  6 yaks
  A human (D:13)
  A harpy simulacrum (D:14)
  An acid dragon (D:11)
  2 orc warriors
  An ice beast (D:8)
  3 wolves (D:10)
  A phantom (D:7)
  A kobold brigand (D:10)
  A bullfrog (D:7)
  A wyvern zombie (D:8)
  A water moccasin skeleton (D:5)
  A vampire bat (D:6)
  An electric eel (D:9)
  A bullfrog zombie (D:7)
  4 centaur zombies
  A hound (D:9)
  2 orc priests
  An iguana (D:6)
  3 orc wizards
  A howler monkey zombie (D:6)
  An adder (D:6)
  An ufetubus (D:7)
  2 orcs
  A kobold (D:10)
59 creatures vanquished.

Vanquished Creatures (others)
  A human (D:12)
  8 battlemagi
  2 plants (D:6)
11 creatures vanquished.

Grand Total: 310 creatures vanquished

Notes
Turn   | Place    | Note
-------+----------+-------------------------------------------
     0 | D:1      | issech the Minotaur Monk began the quest for the Orb.
     0 | D:1      | Reached XP level 1. HP: 19/19 MP: 0/0
    76 | D:1      | Found a faded altar of an unknown god.
   339 | D:1      | Reached XP level 2. HP: 21/27 MP: 1/1
  1267 | D:2      | Reached XP level 3. HP: 27/33 MP: 2/2
  1713 | D:2      | Noticed Natasha
  1719 | D:2      | Killed Natasha
  1720 | D:2      | Reached XP level 4. HP: 41/41 MP: 3/3
  1751 | D:2      | Noticed Natasha
  1761 | D:2      | Killed Natasha
  1762 | D:2      | Reached skill level 5 in Axes
  1998 | D:3      | Found a faded altar of an unknown god.
  2156 | D:3      | Reached XP level 5. HP: 47/47 MP: 4/4
  2451 | D:3      | Noticed Jessica
  2462 | D:3      | Killed Jessica
  2463 | D:3      | Reached skill level 5 in Fighting
  2463 | D:3      | Reached skill level 1 in Armour
  2626 | D:3      | Found a basalt altar of Yredelemnul.
  2917 | D:4      | Noticed Grinder
  2964 | D:4      | Paralysed by Grinder for 2 turns
  2974 | D:4      | Paralysed by Grinder for 7 turns
  2986 | D:4      | Paralysed by Grinder for 5 turns
  2995 | D:4      | Killed Grinder
  2996 | D:4      | Reached XP level 6. HP: 16/56 MP: 5/5
  3161 | D:4      | Identified the +8 lajatang "Napuh" {freeze, rC- Will+
                  | Dex+4}
  3234 | D:4      | Reached XP level 7. HP: 47/61 MP: 6/6
  3430 | D:4      | Reached skill level 1 in Staves
  3611 | D:5      | Entered Level 5 of the Dungeon
  3761 | D:5      | Reached skill level 2 in Staves
  4003 | D:5      | Found a staircase to the Ecumenical Temple.
  4015 | Temple   | Entered the Ecumenical Temple
  4123 | Temple   | Became a worshipper of Hepliaklqana the Forgotten
  4123 | Temple   | Reached * piety under Hepliaklqana
  4123 | Temple   | Reached ** piety under Hepliaklqana
  4124 | Temple   | Remembered your ancestor Friðuswiþ as a battlemage
  4338 | D:5      | Reached skill level 5 in Armour
  4559 | D:2      | Noticed Natasha
  4560 | D:2      | Killed Natasha
  4561 | D:2      | Reached XP level 8. HP: 63/63 MP: 7/7
  4716 | D:6      | Reached skill level 3 in Staves
  4913 | D:6      | Noticed Sigmund
  4919 | D:6      | Killed Sigmund
  4920 | D:6      | Reached skill level 4 in Staves
  4972 | D:6      | Reached skill level 5 in Staves
  5044 | D:6      | Found an ancient bone altar of Kikubaaqudgha.
  5231 | D:6      | Reached skill level 6 in Staves
  5896 | D:7      | Reached skill level 7 in Staves
  5904 | D:7      | Found Gent's Jewellery Boutique.
  5905 | D:7      | Noticed a kobold demonologist
  5916 | D:7      | Killed a kobold demonologist
  5917 | D:7      | Reached XP level 9. HP: 71/71 MP: 8/8
  5957 | D:7      | Reached skill level 8 in Staves
  6364 | D:8      | Found a glowing silver altar of Zin.
  6435 | D:8      | Reached *** piety under Hepliaklqana
  6437 | D:8      | Noticed Joseph
  6446 | D:8      | Killed Joseph
  6447 | D:8      | Reached skill level 9 in Staves
  6621 | D:8      | Found a snail-covered altar of Cheibriados.
  6623 | D:8      | Identified the +8 falchion "Rittem" {pain, Str+2}
  6918 | D:8      | Found a runed translucent door.
  6940 | D:8      | Noticed Zeld's ghost (novice MiBe)
  6953 | D:8      | Killed Zeld's ghost
  6954 | D:8      | Reached skill level 10 in Staves
  7267 | D:8      | Reached XP level 10. HP: 77/81 MP: 9/9
  7297 | D:9      | Noticed an orange crystal statue
  7432 | D:9      | Killed an orange crystal statue
  7433 | D:9      | Reached skill level 11 in Staves
  7465 | D:9      | Found a blossoming altar of Fedhas.
  7665 | D:9      | Found a staircase to the Lair.
  7672 | D:9      | HP: 4/81 [electric eel/bolt of electricity (9)]
  8184 | D:9      | Found a hide-covered altar of Uskayaw.
  8498 | D:10     | Entered Level 10 of the Dungeon
  8500 | D:10     | Found a transporter.
  8521 | D:10     | Reached **** piety under Hepliaklqana
  8545 | D:10     | Reached skill level 12 in Staves
  8583 | D:10     | Identified the +5 shortbow of Wyrd {venom, rN+ Will- Dex+2}
  8919 | D:10     | Reached skill level 1 in Bows
  8962 | D:10     | Noticed Grum
  8972 | D:10     | Killed Grum
  9072 | D:10     | Noticed Brotato's ghost (journeyman PaFi)
  9078 | D:10     | Reached skill level 10 in Fighting
  9078 | D:10     | Reached XP level 11. HP: 89/89 MP: 10/10
  9145 | D:10     | Found a transporter.
  9386 | D:11     | Reached skill level 5 in Bows
  9747 | D:11     | Noticed a two-headed ogre
  9753 | D:11     | Killed a two-headed ogre
  9774 | D:11     | Found a staircase to the Orcish Mines.
 10161 | D:12     | Found a gate leading to a gauntlet.
 10173 | D:12     | Reached skill level 13 in Staves
 10226 | Gauntlet | Entered a Gauntlet
 10226 | Gauntlet | Found a transporter.
 10226 | Gauntlet | Found a transporter.
 10226 | Gauntlet | Found a transporter.
 10230 | Gauntlet | Found a transporter.
 10230 | Gauntlet | Found a transporter.
 10230 | Gauntlet | Found a transporter.
 10242 | Gauntlet | Found a transporter.
 10244 | Gauntlet | Found a transporter.
 10244 | Gauntlet | Noticed an orange crystal statue
 10254 | Gauntlet | Noticed a glowing orange brain
 10256 | Gauntlet | Found a transporter.
 10256 | Gauntlet | Found the ring of the Mage {Wiz Archmagi}
 10265 | Gauntlet | Noticed a green ugly thing
 10372 | Gauntlet | Found a transporter.
 10376 | Gauntlet | Found a transporter.
 10388 | Gauntlet | Found a transporter.
 10493 | Gauntlet | Identified the +9 hand crossbow of the Middle {vorpal, rC-
                  | rN+ Will+ Stlth+}
 10524 | Gauntlet | Killed an orange crystal statue
 10525 | Gauntlet | Reached skill level 10 in Armour
 10562 | Gauntlet | Killed a glowing orange brain
 10565 | Gauntlet | Killed a green ugly thing
 10631 | Gauntlet | Noticed a minotaur
 10641 | Gauntlet | Killed a minotaur
 10935 | D:12     | Noticed a two-headed ogre
 10940 | D:12     | Killed a two-headed ogre
 10944 | D:12     | Noticed a two-headed ogre
 10951 | D:12     | Killed a two-headed ogre
 10993 | D:12     | Reached skill level 14 in Staves
 10993 | D:12     | Reached XP level 12. HP: 93/97 MP: 11/11
 11090 | D:12     | Reached ***** piety under Hepliaklqana
 11125 | D:12     | Noticed a boulder beetle
 11142 | D:12     | Killed a boulder beetle
 11143 | D:12     | Reached skill level 1 in Crossbows
 11305 | D:12     | Noticed a two-headed ogre
 11310 | D:12     | Killed a two-headed ogre
 11676 | D:13     | Noticed Nessos
 11684 | D:13     | Killed Nessos
 11818 | D:13     | Noticed a vault guard
 11818 | D:13     | Noticed a vault guard
 11818 | D:13     | Noticed a vault guard
 11826 | D:13     | Killed a vault guard
 11915 | D:12     | Killed a vault guard
 11955 | D:12     | Killed a vault guard
 11956 | D:12     | Reached skill level 15 in Staves
 12005 | D:13     | Found a gate to the Vaults.
 12117 | D:13     | Reached skill level 1 in Long Blades
 12172 | D:13     | Got Sif Muna's Guide on Flying Black Magic
 12222 | D:13     | Noticed a six-headed hydra
 12289 | D:14     | Reached skill level 1 in Shields
 12358 | D:14     | Reached skill level 1 in Throwing
 12358 | D:14     | Reached XP level 13. HP: 60/107 MP: 12/12
 12381 | D:14     | Reached skill level 5 in Long Blades
 12434 | D:14     | Found a frozen archway.
 12505 | IceCv    | Entered an ice cave
 12505 | IceCv    | Noticed a white very ugly thing
 12837 | D:14     | Found a runed translucent door.
 12837 | D:14     | Noticed Syidgh's ghost (journeyman HOAK)
 13223 | D:14     | Noticed a fire dragon
 13231 | D:14     | Killed a fire dragon
 13482 | D:14     | HP: 5/109 [centaur warrior (3)]
 13482 | D:14     | Slain by a water elemental

Illustrated notes

Levels and vault maps discovered:
D:1:      ebering_hopf_link, layout_basic, chequers_ecumenical_altar_island
D:2:      layout_basic, uniq_natasha
D:3:      layout_loops_ring, nicolae_overflow_ecumenical_swirl, uniq_jessica
D:4:      layout_rooms, hex_large, kennysheep_generic_room_8, uniq_grinder
D:5:      layout_loops_ring, minmay_temple_entry_wispy, minmay_misc_feat_hallway
D:6:      layout_basic, kennysheep_vampire_church, grunt_decor_resistance,
          chequers_serial_rivers_marsh, chequers_serial_rivers_micro_a,
          kennysheep_minor_cross, nicolae_zen_rock_garden, uniq_sigmund
D:7:      layout_rooms, serial_shops, nicolae_shop_hallway_plus, st_stairs_5
D:8:      layout_basic, chequers_temple_overflow_statue_of_worship,
          ebering_ghost_reflecting_pool, uniq_joseph
D:9:      layout_cave_pods, mainiacjoe_overflow_alcove_1,
          mainiacjoe_overflow_small_starburst, erik_lair_island, minivault_16
D:10:     layout_irregular_city, gammafunk_ghost_stat_death, st_stairs_12,
          uniq_grum
D:11:     layout_rooms, orc_0_dummy
D:12:     layout_basic, gauntlet_entry_generic
D:13:     layout_loops_cross, ximxim_vaults_locker_room, chequers_arboretum,
          uniq_nessos, uniq_azrael
D:14:     layout_layer_cave, minivault_14, gammafunk_ghost_grave,
          portal_ice_cave_entry_ice_simulacra
Temple:   eino_temple_scatter_basement

Skill      XL: |  1  2  3  4  5  6  7  8  9 10 11 12 13 |
---------------+----------------------------------------+-----
Fighting       | 4 5 6 7 8 10 12 13 | 13.1
Axes           | 4 5 6 7 |  7.3
Stealth        | 2 3 |  3.4
Dodging        | 4 |  4.6
Armour         | 3 5 6 8 9 10 12 13 | 13.2
Staves         | 2 7 10 12 14 15 | 15.1
Bows           | 3 6 |  6.9
Crossbows      | 1 4 |  4.9
Long Blades    | 4 6 |  6.1
Shields        | 2 3 |  3.6
Throwing       | 1 |  1.2

Action                   |  1- 3 |  4- 6 |  7- 9 | 10-12 | 13-15 || total
-------------------------+-------+-------+-------+-------+-------++-------
Melee: Hand axe          |    74 |   105 |       |       |       ||   179
       Headbutt          |    13 |    18 |    31 |    87 |    26 ||   175
       Punch             |     4 |       |       |       |       ||     4
       Lajatang          |       |     4 |   157 |   217 |       ||   378
       Falchion          |       |       |       |    79 |   104 ||   183
 Fire: Shortbow          |       |       |       |    65 |       ||    65
       Hand crossbow     |       |       |       |    11 |       ||    11
       Arbalest          |       |       |       |       |    23 ||    23
Throw: Boomerang         |       |       |       |     2 |       ||     2
Invok: Ancestor Life: Ba |       |       |     1 |       |       ||     1
  Use: Scroll            |       |     3 |     4 |    13 |       ||    20
       Potion            |       |       |       |     2 |     4 ||     6
 Stab: Sleeping          |     6 |     1 |       |       |       ||     7
       Distracted        |       |       |       |     5 |       ||     5
Armor: Robe              |     7 |       |       |       |       ||     7
       Leather armour    |     1 |       |       |       |       ||     1
       Plate armour      |       |    64 |    92 |   199 |   106 ||   461
Dodge: Dodged            |    56 |    37 |    93 |   194 |    94 ||   474
Block: Kite shield       |       |       |       |    27 |    82 ||   109
